 Dungeon Crawl Stone Soup version 0.28-a0-1206-g193881aaa2 (webtiles) character file.

Game seed: 13336246257358955166

37 fragbeetle the Poker (level 3, 0/28 HPs)
             Began as a Merfolk Gladiator on Dec 20, 2021.
             Slain by a goblin (5 damage)
             ... led by Robin
             ... on level 2 of the Dungeon.
             The game lasted 00:04:06 (1506 turns).

fragbeetle the Poker (Merfolk Gladiator)            Turns: 1506, Time: 00:04:07

Health: 0/28       AC:  4    Str: 16    XL:     3   Next: 41%
Magic:  3/3        EV: 13    Int:  7    God:
Gold:   22         SH:  0    Dex: 15    Spells: 2/2 levels left

rFire   . . .      SeeInvis .   a - +0 trident
rCold   . . .      Faith    .   (no shield)
rNeg    . . .      Spirit   .   b - +0 leather armour
rPois   .          Reflect  .   c - +0 helmet
rElec   .          Harm     .   (no cloak)
rCorr   .          Rampage  .   (no gloves)
Will    .....                   (no boots)
Stlth   +.........              (no amulet)
HPRegen 0.09/turn               (no ring)
MPRegen 0.08/turn               (no ring)

@: no status effects
A: (nimble swimmer 2), mertail
a: no special abilities


You were on level 2 of the Dungeon.
You visited 1 branch of the dungeon, and saw 2 of its levels.

You collected 22 gold pieces.

Inventory:

Hand Weapons
 a - a +0 trident (weapon)
Missiles
 d - 3 throwing nets
 g - 69 stones (quivered)
Armour
 b - a +0 leather armour (worn)
 c - a +0 helmet (worn)
Jewellery
 i - a ring of fire
Scrolls
 f - a scroll of enchant weapon {unknown}
 h - a scroll of amnesia {unknown}
 k - a scroll of enchant armour {unknown}
Potions
 j - a potion of lignification {unknown}


   Skills:
 + Level 2.6 Fighting
 * Level 5.3 Polearms
 + Level 2.3 Throwing
 + Level 4.4 Dodging


You had 2 spell levels left.
You didn't know any spells.
Your spell library was empty.

Dungeon Overview and Level Annotations

Branches:
Dungeon (2/15)

Altars:
Sif Muna

Annotations:
D:2 Robin


Innate Abilities, Weirdness & Mutations

((You are quick and stealthy near water. (Stealth+, EV+, Speed+++)))
Your lower body shifts to a powerful aquatic tail in water.


Message History

The hobgoblin is moderately wounded.
The hobgoblin hits you. The goblin closely misses you.
The hobgoblin misses you.
Robin shouts!
You puncture the hobgoblin!
You kill the hobgoblin!
The goblin hits you but does no damage.
The hobgoblin hits you but does no damage.
You hit the hobgoblin.
The hobgoblin is heavily wounded.
The goblin hits you but does no damage. The hobgoblin hits you.
The hobgoblin misses you.
You barely miss the hobgoblin.
The hobgoblin is heavily wounded.
The hobgoblin hits you but does no damage.
The goblin misses you. The hobgoblin closely misses you.
You closely miss the hobgoblin.
The hobgoblin is heavily wounded.
The hobgoblin hits you but does no damage.
The goblin hits you with a +0 dagger.
Robin roars a battlecry!
The goblins go into a battle-frenzy!
The hobgoblin misses you.
The goblin shouts!
You closely miss the hobgoblin.
The hobgoblin is heavily wounded.
The hobgoblin misses you. The goblin hits you but does no damage.
The hobgoblin closely misses you.
You puncture the hobgoblin!
You kill the hobgoblin!
The goblin hits you with a +0 dagger.
* * * LOW HITPOINT WARNING * * *
The hobgoblin misses you. The goblin hits you with a +0 dagger.
* * * LOW HITPOINT WARNING * * *
This is a scroll of acquirement!
Something appears at your feet!
Robin roars a battlecry!
The goblins go into a battle-frenzy!
The hobgoblin misses you. The goblin hits you with a +0 dagger.
You die...

.# .# ### #.#...#
......# ###.##...# #.
.# #.)......# #. .#
##g......# ###. .#
###ggg._...# . #...##
.## #gg@#.....## .
.....##..##>.###.....#
.##.##.....##g#
#g#####
..#.##...#....# #g#
..#.##......# #g#
.......##...######>#
..†..####.........g#
...†.# #......ggg.#
...#.####...gg....##


You could see Robin, a hobgoblin (strong) and 5 goblins.

Vanquished Creatures
  A worm (D:2)
  An endoplasm (D:1)
  A giant cockroach (D:2)
  2 goblins (D:2)
  7 hobgoblins
  2 jackals (D:1)
  5 kobolds
  A quokka (D:1)
  5 ball pythons
  3 frilled lizards (D:2)
  2 rats
30 creatures vanquished.

Vanquished Creatures (others)
  3 plants (D:1)
3 creatures vanquished.

Grand Total: 33 creatures vanquished

Notes
Turn   | Place    | Note
-------+----------+-------------------------------------------
     0 | D:1      | fragbeetle the Merfolk Gladiator began the quest for the
                  | Orb.
     0 | D:1      | Reached XP level 1. HP: 16/16 MP: 1/1
   212 | D:1      | Reached XP level 2. HP: 23/23 MP: 2/2
  1153 | D:2      | Noticed Robin
  1153 | D:2      | Found a shimmering blue altar of Sif Muna.
  1238 | D:2      | Reached skill level 5 in Polearms
  1350 | D:2      | Reached XP level 3. HP: 28/28 MP: 3/3
  1392 | D:2      | Noticed a scorpion
  1506 | D:2      | Identified a scroll of acquirement
  1506 | D:2      | Acquired a +1 glaive of protection
  1506 | D:2      | Slain by a goblin

Illustrated notes

Levels and vault maps discovered:
D:1:      dpeg_arrival_simpleton_c, layout_basic, serial_bayou,
          serial_bayou_pond_e, serial_bayou_lake_a, serial_bayou_crossing,
          serial_bayou_pond_d, serial_bayou_shore_b
D:2:      layout_rooms, basic_altar, grunt_ministairs_13,
          kennysheep_cluttered_room, uniq_jessica, uniq_robin

Skill      XL: |  1  2 |
---------------+-------+-----
Polearms       | 5 |  5.3
Fighting       | |  2.6
Throwing       | |  2.3
Dodging        | |  4.4

Action                   || total
-------------------------++-------
Melee: Trident           ||   129
       Tailslap          ||     2
Throw: Stone             ||     2
  Use: Scroll            ||     1
Armor: Leather armour    ||    32
Dodge: Dodged            ||    72

Table legend: (Time is in decaauts)
 A = Elapsed time spent in this place.
 B = Non-inter-level travel time spent in this place.
 C = Inter-level travel time spent in this place.
 D = Time resting spent in this place.
 E = Time spent auto-exploring this place.
 F = Levels seen in this place.
 G = Mean time per level.
                   A        B        C        D        E       F      G
               +--------+--------+--------+--------+--------+-----+--------+
         Total |   1461 |   1357 |    104 |     99 |    824 |   2 |  730.5 |
       Dungeon |   1461 |   1357 |    104 |     99 |    824 |   2 |  730.5 |
               +--------+--------+--------+--------+--------+-----+--------+

Top non-repeatable levels by time:
     D:1: 1239 daAuts
     D:2: 221 daAuts
